 Dungeon Crawl Stone Soup version 0.14-a0-586-g2535b90 (webtiles) character file.

181 PolkaDot the Shooter (level 4, -1/29 HPs)
             Began as a High Elf Hunter on Nov 4, 2013.
             Slain by a worker ant (4 damage)
             ... on Level 3 of the Dungeon.
             The game lasted 00:07:35 (1890 turns).

PolkaDot the Shooter (High Elf Hunter)              Turns: 1890, Time: 00:07:36

HP  -1/29        AC  6     Str 11      XL: 4   Next: 38%
MP   6/6         EV 11     Int 14      God:
Gold 87          SH  0     Dex 17      Spells:  0 memorised,  3 levels left

Res.Fire  : . . .   See Invis. : +   a - +0 elf short sword
Res.Cold  : + . .   Warding    : .   d - +0 elf leather armour
Life Prot.: . . .   Conserve   : .   (no shield)
Res.Poison: .       Res.Corr.  : .   (no helmet)
Res.Elec. : .       Clarity    : .   (no cloak)
Sust.Abil.: . .     Spirit.Shd : .   p - +2 pair of elf gauntlets
Res.Mut.  : .       Stasis     : .   (no boots)
Res.Rott. : .       Flight     : .   (no amulet)
Saprovore : . . .                    o - ring of see invisible {unknown}
                                     g - cursed ring of protection from cold

@: mildly poisoned, slightly resistant to hostile enchantments, unstealthy
A: no striking features
a: no special abilities


You were on level 3 of the Dungeon.
You were hungry.

You visited 1 branch of the dungeon, and saw 3 of its levels.

You collected 87 gold pieces.

Inventory:

Hand weapons
 a - a +0,+0 elven short sword (weapon)
 b - a +1,+1 elven bow
Missiles
 c - 27 arrows
Armour
 d - a +0 elven leather armour (worn)
 p - a +2 pair of elven gauntlets (worn)
Comestibles
 f - 2 bread rations
 z - a choko
 A - a rotting chunk of goblin flesh
Scrolls
 e - a scroll of teleportation {unknown}
 h - a scroll of blinking {unknown}
 j - a scroll of noise {unknown}
 k - a scroll of curse jewellery
 l - a scroll of enchant weapon I {unknown}
 n - 2 scrolls of fear
 q - a scroll of enchant weapon II
 s - a scroll of magic mapping {unknown}
 u - a scroll of fog {unknown}
 w - a scroll of remove curse {unknown}
 y - 2 scrolls of recharging {unknown}
Jewellery
 g - a cursed ring of protection from cold (left hand)
 o - a ring of see invisible (right hand) {unknown}
Potions
 i - 2 potions of confusion
 t - 2 potions of brilliance
 v - 2 potions of agility
 x - a potion of heal wounds


   Skills:
 + Level 1.5 Fighting
 + Level 2.9 Short Blades
 - Level 6.0 Bows
 * Level 1.6 Armour
 - Level 2.1 Dodging
 - Level 1.1 Stealth


You had 3 spell levels left.
You didn't know any spells.

Dungeon Overview and Level Annotations

Branches:
Dungeon (3/27)

Altars:


Message History

You barely miss the worker ant.
The worker ant is heavily wounded.
The worker ant closely misses you.
You barely miss the worker ant.
The worker ant is heavily wounded.
The worker ant barely misses you.
You hit the worker ant but do no damage.
The worker ant is heavily wounded.
The worker ant closely misses you.
You barely miss the worker ant.
The worker ant is heavily wounded.
The worker ant bites you.
You closely miss the worker ant.
The worker ant is heavily wounded.
The worker ant bites you.
* * * LOW HITPOINT WARNING * * *
You hit the worker ant but do no damage.
The worker ant is heavily wounded.
The worker ant bites you.
You die...

)...... #.#.$....
#.#....... #.#
#.#........ ####.#
#.#.....>.. #....#
#.#........ #....#
#.#g........
#....######.#a#
#....##......@#
#....##......%#
#....##.......##
#...)##..........
#..................
#..(.########.###.#
#.(........##.#
#..........##.#
#.(............


You could see a worker ant and a goblin.

Vanquished Creatures
  Ijyb (D:2)
  Jessica (D:1)
  An adder (D:2)
  A gnoll (D:2)
  2 giant geckos
  A ball python (D:1)
  2 giant cockroaches
  6 hobgoblins
  2 jackals (D:3)
  4 kobolds
  3 bats
  3 giant newts
  4 goblins
  12 rats
43 creatures vanquished.

Notes
Turn   | Place    | Note
--------------------------------------------------------------
     0 | D:1      | PolkaDot, the High Elf Hunter, began the quest for the Orb.
     0 | D:1      | Reached XP level 1. HP: 14/14 MP: 1/1
    76 | D:1      | Reached skill level 1 in Short Blades
   106 | D:1      | Reached XP level 2. HP: 19/19 MP: 2/2
   741 | D:2      | Noticed Jessica
   755 | D:1      | Killed Jessica
   755 | D:1      | Reached skill level 6 in Bows
   755 | D:1      | Reached XP level 3. HP: 17/24 MP: 4/4
   866 | D:2      | Noticed Ijyb
   903 | D:2      | Killed Ijyb
   903 | D:2      | Reached skill level 1 in Armour
  1089 | D:2      | Reached XP level 4. HP: 9/29 MP: 6/6
  1890 | D:3      | Slain by a worker ant

Action                   |  1- 3 |  4- 6 || total
-------------------------+-------+-------++-------
Melee: Short sword       |    97 |    64 ||   161
 Fire: Bow               |     9 |     7 ||    16
  Use: Scroll            |       |     9 ||     9
       Potion            |       |     1 ||     1
 Stab: Sleeping          |     1 |     1 ||     2
